 Dungeon Crawl Stone Soup version 0.28.0-53-g5a82cb258f (webtiles) character file.

Game seed: 3969882634815533330

1549 Tirrikindir the Carver (level 8, 0/54 HPs)
             Began as an Octopode Fighter on Aug 11, 2022.
             Was an Initiate of Gozag.
             Slain by Harold
             ... wielding a +0 vampiric scimitar
              (26 damage)
             ... on level 7 of the Dungeon.
             The game lasted 00:11:29 (5588 turns).

Tirrikindir the Carver (Octopode Fighter)           Turns: 5588, Time: 00:11:30

Health: 0/54       AC:  1    Str: 22    XL:     8   Next: 87%
Magic:  8/8        EV: 15    Int: 10    God:    Gozag
Gold:   415        SH:  6    Dex: 19    Spells: 7/7 levels left

rFire   . . .      SeeInvis .   a - +0 long sword
rCold   . . .      Faith    .   b - +0 buckler
rNeg    . . .      Spirit   .   (helmet restricted)
rPois   .          Reflect  .   (no amulet)
rElec   .          Harm     .   d - +6 ring of strength
rCorr   .          Rampage  .   p - +6 ring of dexterity
Will    .....                   (no ring)
Stlth   +++++.....              (no ring)
HPRegen 0.18/turn               (no ring)
MPRegen 0.11/turn               (no ring)
                                (no ring)
                                (no ring)

@: gold aura
A: almost no armour, amphibious, 8 rings, camouflage 1, gelatinous body 1,
(nimble swimmer 1), tentacles
a: Renounce Religion, Potion Petition, Call Merchant, Bribe Branch


You were on level 7 of the Dungeon.
You worshipped Gozag.
Gozag was aware of your devotion.
You visited 2 branches of the dungeon, and saw 8 of its levels.
You also visited: Ossuary.

You collected 577 gold pieces.
You paid 162 gold pieces to Gozag.

Inventory:

Hand Weapons
 a - a +0 long sword (weapon)
 g - a +2 vampiric dagger
Missiles
 i - 5 poisoned darts (quivered)
Armour
 b - a +0 buckler (worn)
Jewellery
 d - a +6 ring of strength (left tentacle)
 p - a +6 ring of dexterity (right tentacle)
Wands
 h - a wand of flame (14)
Scrolls
 f - 2 scrolls of fear
 n - a scroll of enchant weapon {unknown}
 o - a scroll of immolation
 r - a scroll of amnesia {unknown}
 s - a scroll of magic mapping {unknown}
 u - a scroll of holy word {unknown}
Potions
 c - 4 potions of might
 e - 3 potions of curing
 j - a potion of ambrosia
 k - a potion of haste {unknown}
 l - 4 potions of flight {unknown}
 m - 3 potions of mutation {unknown}
 q - a potion of cancellation {unknown}
 t - a potion of heal wounds
 v - a potion of brilliance {unknown}


   Skills:
 * Level 4.3 Fighting
 * Level 8.1 Long Blades
 + Level 0.9 Throwing
 * Level 4.3 Dodging
 + Level 6.2 Stealth
 * Level 4.3 Shields
 + Level 1.0 Evocations


You had 7 spell levels left.
You didn't know any spells.
Your spell library contained the following spells:

 Spells                   Type           Power      Damage    Failure   Level
 Apportation              Tloc           0%         N/A       43%         1
 Freeze                   Ice            0%         1d3       43%         1
 Shock                    Conj/Air       0%         1d3       43%         1
 Dazzling Flash           Conj/Hex       0%         N/A       82%         3
 Frozen Ramparts          Ice            0%         1d2       82%         3
 Stone Arrow              Conj/Erth      0%         3d7       82%         3
 Hailstorm                Conj/Ice       0%         3d3       99%         4
 Alistair's Intoxication  Tmut/Pois      0%         N/A       100%        5
 Irradiate                Conj/Tmut      0%         3d13      100%        5


Dungeon Overview and Level Annotations

Branches:
Dungeon (7/15)             Temple (1/1) D:6         Ossuary (visited)

Altars:
Ashenzari
Cheibriados
Dithmenos
Elyvilon
Fedhas
Gozag
Hepliaklqana
Kikubaaqudgha
Makhleb
Nemelex Xobeh
Okawaru
Qazlal
Ru
Trog
Uskayaw
Vehumet
Wu Jian
Xom
Yredelemnul
Zin
The Shining One

Annotations:
D:6 3 runed translucent doors, Wentworth's ghost, weakling DgIE; hgbash's ghost, novice SpBr; styxcanada's ghost, novice SpBr; turdburglar's ghost, amateur TrFi
D:7 Harold


Innate Abilities, Weirdness & Mutations

You cannot wear most types of armour.
You are amphibious.
You can wear up to eight rings at the same time.
Your skin changes colour to match your surroundings (Stealth+).
Your rubbery body absorbs attacks. (AC +1, EV +1)
((You are camouflaged when in or above water. (Stealth+)))
You have tentacles for arms and can constrict up to eight enemies at once.


Message History

Harold is wielding a +0 vampiric scimitar.
Harold shouts!
The orc barely misses you.
There is an open door here.
You hit the orc but do no damage. You grab the orc. You constrict the orc.
The orc hits you with a +0 dagger.
You slash Harold! You grab Harold.
Harold is lightly wounded.
You constrict Harold, but do no damage. You constrict the orc.
The orc completely misses you. Harold closely misses you.
You hit Harold but do no damage.
Harold is lightly wounded.
You constrict Harold, but do no damage. You constrict the orc.
You block the orc's attack. Harold barely misses you.
You slash Harold!
Harold is moderately wounded.
You constrict Harold. You constrict the orc.
You kill the orc!
You block Harold's attack.
You hit Harold but do no damage.
You tentacle-slap Harold, but do no damage.
You squeeze Harold, but do no damage.
Harold is moderately wounded.
You constrict Harold, but do no damage.
Harold hits you with a +0 vampiric scimitar!
Harold draws strength from your wounds!
You hit Harold but do no damage.
Harold is moderately wounded.
You constrict Harold. You block Harold's attack.
You barely miss Harold. You squeeze Harold.
Harold is moderately wounded.
You constrict Harold!
Harold hits you with a +0 vampiric scimitar!
Harold draws strength from your wounds!
You slash Harold!
Harold is heavily wounded.
You constrict Harold.
Harold hits you with a +0 vampiric scimitar!!
You die...
Your body crumbles into a pile of gold.

.... ..... ......
..... .....
.....###### .....
..........# .....
.........#####....
#.............
#..))......#####
#..).......@$..#
#..........#@..#
#..........#...#
#.....###'##...#
#.....#...# #+##
##.....#...#
.......#...#
........#...# $
........#...#


You could see Harold.

Vanquished Creatures
  A water moccasin (D:6)
  A black bear (D:4)
  An ice beast (D:5)
  A sky beast (D:5)
  2 necrophages (D:6)
  2 centaurs
  Blork the orc (D:5)
  An elf skeleton (D:4)
  A water moccasin skeleton (D:4)
  3 howler monkeys
  A hound (D:5)
  An orc priest (D:5)
  A human zombie (D:4)
  A centaur skeleton (D:5)
  3 iguanas
  An orc wizard (D:6)
  A human skeleton (D:4)
  A hound skeleton (D:5)
  8 mummies (Ossuary)
  3 gnolls (D:7)
  8 adders
  A shadow imp (D:5)
  A white imp (D:5)
  An adder skeleton (D:3)
  3 dart slugs
  10 orcs
  9 bats
  3 endoplasms
  3 giant cockroaches
  A gnoll zombie (Ossuary)
  7 goblins
  4 hobgoblins
  3 jackals (D:5)
  A quokka (D:4)
  2 ball pythons
  A frilled lizard (D:1)
  2 hobgoblin zombies (Ossuary)
  5 kobolds
  3 kobold zombies (Ossuary)
  2 orc skeletons (D:4)
  3 orc zombies
  6 rats
114 creatures vanquished.

Vanquished Creatures (others)
  14 plants
14 creatures vanquished.

Grand Total: 128 creatures vanquished

Notes
Turn   | Place    | Note
-------+----------+-------------------------------------------
     0 | D:1      | Tirrikindir the Octopode Fighter began the quest for the
                  | Orb.
     0 | D:1      | Reached XP level 1. HP: 16/16 MP: 1/1
   174 | D:1      | Reached XP level 2. HP: 20/21 MP: 2/2
   228 | D:1      | Reached skill level 1 in Stealth
   989 | D:2      | Reached XP level 3. HP: 26/26 MP: 3/3
   999 | D:2      | You fall into a shaft and drop 2 floors!
  1121 | D:4      | Reached skill level 3 in Long Blades
  1121 | D:4      | Reached XP level 4. HP: 28/31 MP: 4/4
  1131 | D:4      | Reached XP level 5. HP: 33/36 MP: 5/5
  1140 | D:4      | Found a sand-covered staircase.
  1163 | Ossuary  | Entered an ossuary
  1229 | Ossuary  | Reached XP level 6. HP: 42/43 MP: 6/6
  1310 | Ossuary  | Reached skill level 4 in Long Blades
  1712 | D:2      | Found a faded altar of an unknown god.
  2743 | D:4      | Found a white marble altar of Elyvilon.
  2942 | D:4      | Got the Tome of Conjuration
  2974 | D:4      | Found a radiant altar of Vehumet.
  3068 | D:4      | Noticed a black bear
  3076 | D:4      | Killed a black bear
  3077 | D:4      | Reached skill level 5 in Long Blades
  3077 | D:4      | Reached XP level 7. HP: 46/48 MP: 7/7
  3149 | D:5      | Entered Level 5 of the Dungeon
  3333 | D:5      | Reached skill level 5 in Stealth
  3527 | D:5      | Reached skill level 6 in Long Blades
  3618 | D:5      | Reached XP level 8. HP: 47/54 MP: 8/8
  3796 | D:5      | Noticed Blork the orc
  3805 | D:5      | Killed Blork the orc
  4025 | D:5      | Reached skill level 7 in Long Blades
  4544 | D:6      | Found a staircase to the Ecumenical Temple.
  4559 | Temple   | Entered the Ecumenical Temple
  4583 | Temple   | Became a worshipper of Gozag Ym Sagoz the Greedy
  4954 | D:6      | Reached skill level 8 in Long Blades
  5122 | D:6      | Found a runed translucent gate.
  5122 | D:6      | Noticed turdburglar's ghost (amateur TrFi)
  5123 | D:6      | Found a runed translucent gate.
  5123 | D:6      | Found a runed translucent gate.
  5123 | D:6      | Noticed hgbash's ghost (novice SpBr)
  5124 | D:6      | Noticed Wentworth's ghost (weakling DgIE)
  5124 | D:6      | Noticed styxcanada's ghost (novice SpBr)
  5140 | D:6      | Reached skill level 1 in Evocations
  5579 | D:7      | Noticed Harold
  5588 | D:7      | Slain by Harold

Illustrated notes

Levels and vault maps discovered:
D:1:      lightli_arrival_isolated_outpost, layout_basic, chequers_big_river
D:2:      layout_basic, hellmonk_ecumenical_altar_blasted
D:3:      layout_basic, grunt_ministairs_4, solitary_fountain
D:4:      layout_cave_pools, mainiacjoe_overflow_boulevard, lemuel_round_altar,
          nicolae_ossuary_entry_catacombs
D:5:      layout_loops_corners, minmay_chambers_of_fives, uniq_blork_the_orc
D:6:      layout_loops_ring, minmay_temple_entry_gardened_gates,
          gammafunk_ghost_cemetery
D:7:      layout_gridville, uniq_harold
Temple:   mainiacjoe_temple_bowtie_tessellation

Skill      XL: |  1  2  3  4  5  6  7  8 |
---------------+-------------------------+-----
Stealth        | 1 2 3 4 5 6 |  6.2
Long Blades    | 3 5 6 8 |  8.1
Fighting       | 4 |  4.3
Dodging        | 4 |  4.3
Shields        | 4 |  4.3
Evocations     | 1 |  1.0
Throwing       | |  0.9

Action                   |  1- 3 |  4- 6 |  7- 9 || total
-------------------------+-------+-------+-------++-------
Melee: Long sword        |    56 |    82 |   106 ||   244
       Constrict         |    16 |    26 |    31 ||    73
       Tentacles         |    11 |    15 |    26 ||    52
       Punch             |       |     2 |     3 ||     5
Throw: Dart              |       |       |     1 ||     1
  Use: Scroll            |     3 |     4 |     2 ||     9
       Potion            |       |     2 |     2 ||     4
 Stab: Sleeping          |     3 |    10 |     7 ||    20
       Distracted        |       |     1 |     2 ||     3
Armor: Skin              |     4 |     5 |     1 ||    10
Dodge: Dodged            |    29 |    33 |    54 ||   116
Block: Buckler           |    10 |     8 |    33 ||    51
